 Dungeon Crawl Stone Soup version 0.26.0-10-g1f06aea511 (webtiles) character file.

Game seed: 12922271712964797595

9189 sanka the Fighter (level 11, -6/110 HPs)
             Began as a Naga Delver on Jan 20, 2021.
             Was a High Priest of Cheibriados.
             Mangled by a boulder beetle (28 damage)
             ... on level 11 of the Dungeon on Jan 21, 2021.
             The game lasted 00:25:10 (11425 turns).

sanka the Fighter (Naga Delver)                    Turns: 11425, Time: 00:25:10

Health: -6/110     AC:  9    Str: 30    XL:     11   Next: 42%
Magic:  17/17      EV: 15    Int: 26    God:    Cheibriados [*****.]
Gold:   578        SH:  0    Dex: 24    Spells: 10/10 levels left

rFire    . . .     SeeInvis +   a - +4 war axe
rCold    . . .     Faith    .   (no shield)
rNeg     . . .     Spirit   .   b - +0 leather armour
rPois    +         Reflect  .   (no helmet)
rElec    .         Harm     .   z - +0 cloak {Will+}
rCorr    .         Rampage  .   C - +2 pair of gloves {Str+3}
Will     ++...                  (no barding)
Stlth    +++++.....             k - amulet of regeneration
HPRegen  0.68/turn              B - ring of stealth
MPRegen  0.15/turn              (no ring)

@: short of breath, very slow
A: large, see invisible, deformed body, poison resistance, slowness 2, spit
poison 1, AC +3
a: Spit Poison, Renounce Religion, Bend Time, Temporal Distortion, Slouch, Step
From Time


You were on level 11 of the Dungeon.
You worshipped Cheibriados.
Cheibriados was extremely pleased with you.
You visited 2 branches of the dungeon, and saw 12 of its levels.

You collected 578 gold pieces.


Innate Abilities, Weirdness & Mutations

You cannot wear boots.
Your serpentine skin is tough. (AC +3)
You have supernaturally acute eyesight. (SInv)
Armour fits poorly on your strangely shaped body.
Your system is resistant to poisons. (rPois)
You cover ground very slowly.
You can spit poison.


   Skills:
 + Level 10.5 Fighting
 + Level 9.5 Axes
 + Level 6.6 Dodging
 - Level 8.0 Stealth
 + Level 8.3 Invocations


You had 10 spell levels left.
You didn't know any spells.
Your spell library contained the following spells:

 Spells                   Type           Power        Failure   Level
 Shock                    Conj/Air       0%           14%         1
 Summon Small Mammal      Summ           0%           14%         1
 Call Imp                 Summ           0%           22%         2
 Swiftness                Air            0%           22%         2
 Call Canine Familiar     Summ           0%           38%         3
 Confusing Touch          Hex            0%           38%         3
 Gell's Gravitas          Tloc           0%           38%         3
 Static Discharge         Conj/Air       0%           38%         3
 Summon Guardian Golem    Hex/Summ       0%           38%         3
 Airstrike                Air            0%           80%         4
 Petrify                  Tmut/Erth      0%           80%         4
 Summon Ice Beast         Ice/Summ       0%           80%         4
 Summon Lightning Spire   Summ/Air       0%           80%         4
 Lightning Bolt           Conj/Air       0%           98%         5
 Metabolic Englaciation   Hex/Ice        0%           98%         5
 Yara's Violent Unravell  Hex/Tmut       0%           98%         5

Inventory:

Hand Weapons
 a - a +4 war axe (weapon)
 q - the +9 staff of Olgreb {rPois∞}

   It grants immunity to poison.
 s - a +2 dire flail
Missiles
 o - 2 throwing nets {=f}
Armour
 b - a +0 leather armour (worn)
 z - a +0 cloak of willpower (worn)
 C - a +2 pair of gloves of strength (worn)
Magical Staves
 F - an uncursed staff of fire
Jewellery
 k - an amulet of regeneration (around neck)
 B - a ring of stealth (left hand)
Wands
 g - a wand of digging (3)
 i - a wand of iceblast (5)
 m - a wand of polymorph (7)
 x - a wand of disintegration (9)
 y - a wand of acid (1)
Scrolls
 c - 3 scrolls of fog
 d - 5 scrolls of magic mapping
 e - 4 scrolls of fear
 h - 4 scrolls of enchant armour
 l - 2 scrolls of identify {@r1}
 r - 3 scrolls of amnesia
 u - a scroll of enchant weapon
 v - 4 scrolls of remove curse
 w - 5 scrolls of teleportation {@r4}
 A - a scroll of holy word
 G - a scroll of blinking
Potions
 f - 3 potions of haste {@q3}
 j - a potion of mutation {unknown}
 n - 2 potions of brilliance {unknown}
 p - a potion of degeneration {unknown}
 t - 2 potions of resistance
 D - 2 potions of curing {@q1}
 E - a potion of ambrosia {unknown}

Dungeon Overview and Level Annotations

Branches:
Dungeon (11/15)            Temple (1/1) D:6            Lair (0/6) D:8
    Orc (0/2) D:9

Altars:
Ashenzari
Cheibriados
Dithmenos
Elyvilon
Fedhas
Gozag
Hepliaklqana
Kikubaaqudgha
Makhleb
Nemelex Xobeh
Okawaru
Qazlal
Ru
Sif Muna
Trog
Uskayaw
Vehumet
Wu Jian
Xom
Yredelemnul
Zin
The Shining One
Beogh

Shops:
D:4 }

Annotations:
D:5 1 runed translucent door, exclusion: slime creature

▒.....▒.▒ ..▒
▒(....▒.▒ ..▒
▒▒▒▒▒▒▒...▒.▒ ▒▒.▒▒▒
▒......<..▒.▒▒▒......
▒.........▒.▒.......▒
▒▒▒▒▒▒▒▒▒▒..▒.B...▒
▒....▒☼..▒ ▒..).B▒▒.▒
▒....▒N▒ ▒
▒..▒.▒.....▒
.......▒.......▒
.......▒▒▒.(....
........▒ ▒▒.▒▒▒
......... ... ▒▒....
... .▒


You could see a boulder beetle.


Message History

HP restored.
You see here a wyvern corpse.
Use which ability? (? or * to list)
Okay, then.
The boulder beetle curls into a ball and begins rolling!
You see here a wyvern corpse.
The boulder beetle hits you!
The boulder beetle stops rolling and uncurls.
The boulder beetle bites you.
You hit the boulder beetle but do no damage.
The boulder beetle bites you!!
You hit the boulder beetle but do no damage.
The boulder beetle closely misses you.
You barely miss the boulder beetle. The boulder beetle bites you!!
* * * LOW HITPOINT WARNING * * *
You slice the boulder beetle!!
The boulder beetle is moderately wounded.
The boulder beetle bites you!
* * * LOW HITPOINT WARNING * * *
Use which ability? (? or * to list)
Aim: a boulder beetle (moderately wounded)
The splash of poison hits the boulder beetle!
The boulder beetle is moderately wounded.
The boulder beetle bites you!!
* * * LOW HITPOINT WARNING * * *
Evoke which item? (* to show all) (? for menu, Esc to quit)
Okay, then.
The boulder beetle bites you!!
You die...

Action                   |  1- 3 |  4- 6 |  7- 9 | 10-12 || total
-------------------------+-------+-------+-------+-------++-------
Melee: Hand axe          |     3 |   315 |   125 |       ||   443
       Dire flail        |       |       |    66 |       ||    66
       War axe           |       |       |   138 |   288 ||   426
       Unarmed           |       |       |       |     3 ||     3
Invok: Bend Time         |       |       |       |     2 ||     2
 Abil: Spit Poison       |     7 |    30 |    41 |    25 ||   103
Evoke: Wand              |       |       |     3 |     9 ||    12
  Use: Potion            |       |     2 |     5 |     4 ||    11
       Scroll            |       |     1 |     9 |     1 ||    11
 Stab: Distracted        |       |     1 |       |       ||     1
       Sleeping          |       |    14 |     5 |    17 ||    36
Armor: Leather armour    |       |   118 |   123 |    87 ||   328
       Skin              |       |       |       |    23 ||    23
Dodge: Dodged            |     5 |   175 |   254 |   224 ||   658

Levels and vault maps discovered:
D:1:      kb_arrival_jail, layout_basic
D:2:      layout_basic
D:3:      layout_loops_corners
D:4:      layout_rooms, serial_shops, nicolae_shop_waterfront, uniq_ijyb
D:5:      cheibrodos_fertilizer, layout_rooms,
          minmay_guarded_unrand_staff_of_olgreb
D:6:      layout_basic, minmay_temple_entry_statues, basic_altar
D:7:      kennysheep_big_flooded_room, layout_basic, uniq_menkaure
D:8:      layout_basic, david_lair_generic
D:9:      layout_loops_ring, grunt_gozag_statues, minmay_orc_entry_temple_small
D:10:     layout_loops_cross
D:11:     minmay_the_grid_net [minmay_the_grid_slots,
          minmay_the_grid_minigrid_small, minmay_the_grid_zigzag_pyramid,
          minmay_the_grid_pillar_ring, minmay_the_grid_mess,
          minmay_the_grid_prize_diamond_cup], layout_grid_maze,
          minmay_fountain_box
Temple:   kilobyte_greek_temple

Notes
Turn   | Place    | Note
-------+----------+-------------------------------------------
     0 | D:5      | sanka the Naga Delver began the quest for the Orb.
     0 | D:5      | Reached XP level 1. HP: 21/21 MP: 1/1
     7 | D:5      | Noticed a hound
    16 | D:5      | Killed a hound
    17 | D:5      | Reached skill level 8 in Stealth
    17 | D:5      | Reached XP level 2. HP: 7/30 MP: 2/2
    17 | D:5      | Reached XP level 3. HP: 9/36 MP: 3/3
   270 | D:5      | Reached skill level 4 in Fighting
   281 | D:4      | Reached XP level 4. HP: 43/44 MP: 4/4
   421 | D:4      | Found Wijoazon's Gadget Shoppe.
   721 | D:4      | Noticed Ijyb
   737 | D:4      | HP: 3/45 [Ijyb/+0 dagger (3)]
   740 | D:4      | Killed Ijyb
   941 | D:4      | Reached skill level 5 in Fighting
   991 | D:4      | Reached XP level 5. HP: 51/52 MP: 5/5
  1440 | D:3      | Reached skill level 3 in Axes
  1440 | D:3      | Reached XP level 6. HP: 57/61 MP: 6/6
  2184 | D:1      | Noticed an octopode
  2454 | D:1      | Noticed a spriggan
  2456 | D:1      | Noticed a vine stalker
  2456 | D:1      | Noticed a vampire
  2458 | D:1      | Noticed a troll
  2458 | D:1      | Noticed a demigod
  2460 | D:1      | Noticed a gargoyle
  2464 | D:1      | Noticed a demonspawn
  2464 | D:1      | Noticed a formicid
  2466 | D:1      | Noticed a naga
  2468 | D:1      | Noticed a merfolk
  2470 | D:1      | Noticed a dwarf
  2472 | D:1      | Noticed a draconian
  2472 | D:1      | Noticed a human
  2474 | D:1      | Noticed a minotaur
  2476 | D:1      | Noticed a ghoul
  2476 | D:1      | Noticed an elf
  3105 | D:2      | Reached skill level 6 in Fighting
  3861 | D:5      | Found a runed translucent gate.
  3862 | D:5      | Noticed a water moccasin
  3862 | D:5      | Noticed a water moccasin
  3864 | D:5      | Found a runed translucent gate.
  3864 | D:5      | Found a runed translucent gate.
  3888 | D:5      | Reached skill level 4 in Axes
  3888 | D:5      | Noticed a soldier ant
  3888 | D:5      | Noticed a soldier ant
  3893 | D:5      | Noticed a soldier ant
  3899 | D:5      | Found a runed translucent door.
  3899 | D:5      | Noticed a soldier ant
  3899 | D:5      | Noticed a soldier ant
  3927 | D:5      | Reached XP level 7. HP: 68/70 MP: 7/7
  3947 | D:5      | Found the +9 staff of Olgreb {rPois∞}
  3970 | D:5      | Found a runed translucent door.
  4483 | D:5      | Reached skill level 7 in Fighting
  4483 | D:5      | Reached skill level 5 in Axes
  4636 | D:5      | Noticed a slime creature
  4851 | D:6      | Found an opulent altar of Gozag.
  5102 | D:6      | Found a staircase to the Ecumenical Temple.
  5120 | Temple   | Entered the Ecumenical Temple
  5278 | Temple   | Became a worshipper of Cheibriados the Contemplative
  5387 | D:6      | Reached XP level 8. HP: 76/80 MP: 8/8
  5632 | D:6      | Reached skill level 1 in Invocations
  5730 | D:6      | Reached skill level 2 in Dodging
  6229 | D:6      | Reached skill level 2 in Invocations
  6318 | D:6      | Reached skill level 6 in Axes
  6535 | D:5      | Reached * piety under Cheibriados
  6536 | D:5      | Reached skill level 3 in Dodging
  6536 | D:5      | Reached skill level 3 in Invocations
  6548 | D:5      | Reached skill level 8 in Fighting
  6714 | D:5      | Reached XP level 9. HP: 88/88 MP: 11/11
  6745 | D:5      | Reached skill level 4 in Invocations
  7131 | D:7      | Reached skill level 7 in Axes
  7134 | D:7      | Reached skill level 4 in Dodging
  7216 | D:7      | Reached ** piety under Cheibriados
  7562 | D:7      | Reached skill level 5 in Invocations
  7622 | D:7      | Noticed Menkaure
  7634 | D:7      | Killed Menkaure
  8066 | D:8      | Reached skill level 9 in Fighting
  8262 | D:8      | Reached XP level 10. HP: 72/99 MP: 14/14
  8315 | D:8      | Noticed an elephant
  8413 | D:5      | Reached *** piety under Cheibriados
  8416 | D:5      | Identified a potion of resistance
  8423 | D:5      | Reached skill level 6 in Invocations
  8590 | D:5      | Reached skill level 5 in Dodging
  8784 | D:8      | Reached skill level 8 in Axes
  8824 | D:8      | Noticed a death yak
  9117 | D:8      | Reached **** piety under Cheibriados
  9214 | D:8      | Found a staircase to the Lair.
  9305 | D:8      | Killed a death yak
  9306 | D:8      | Reached skill level 7 in Invocations
  9473 | D:8      | Killed an elephant
  9626 | D:9      | Found an opulent altar of Gozag.
  9651 | D:9      | Reached skill level 10 in Fighting
  9697 | D:9      | Reached skill level 6 in Dodging
  9747 | D:9      | Reached XP level 11. HP: 100/108 MP: 16/16
  9789 | D:9      | Reached skill level 9 in Axes
 10124 | D:9      | Noticed a two-headed ogre
 10138 | D:9      | Killed a two-headed ogre
 10218 | D:9      | Found a staircase to the Orcish Mines.
 10239 | D:9      | Found a roughly hewn altar of Beogh.
 10382 | D:9      | Reached ***** piety under Cheibriados
 10383 | D:9      | Reached skill level 8 in Invocations
 10588 | D:10     | Entered Level 10 of the Dungeon
 10784 | D:10     | Noticed an unseen horror
 10795 | D:10     | Killed an unseen horror
 11397 | D:11     | Noticed a boulder beetle
 11425 | D:11     | Mangled by a boulder beetle

Vanquished Creatures
  A two-headed ogre (D:9)
  A death yak (D:8)
  An unseen horror (D:10)
  An elephant (D:8)
  A wraith (D:10)
  2 yaks (D:8)
  A wyvern (D:11)
  Menkaure (D:7)
  5 soldier ants
  5 water moccasins
  3 orc warriors
  2 sky beasts
  An ice beast (D:6)
  3 black bears (D:8)
  2 phantoms
  6 ogres
  2 centaurs
  3 big kobolds
  2 bullfrogs
  2 water moccasin zombies
  2 scorpions
  13 wights
  26 killer bees
  A jelly (D:8)
  An electric eel (D:7)
  A quasit (D:9)
  5 orc priests
  8 hounds
  3 orc wizards
  A bullfrog skeleton (D:9)
  2 iguanas (D:9)
  Ijyb (D:4)
  11 worker ants
  A killer bee zombie (D:8)
  A worker ant zombie (D:11)
  A howler monkey zombie (D:9)
  11 gnolls
  A howler monkey skeleton (D:5)
  13 adders
  5 white imps
  2 ufetubi
  3 oozes
  3 worms
  3 dart slugs
  5 leopard geckos
  40 orcs
  5 giant cockroaches
  4 hobgoblins
  10 jackals
  8 kobolds
  2 quokkas
  5 bats
  3 frilled lizards
  15 goblins
  A leopard gecko skeleton (D:4)
  A quokka skeleton (D:9)
  A quokka zombie (D:9)
  3 rats (D:2)
267 creatures vanquished.

Vanquished Creatures (others)
  2 fungi (D:8)
  2 plants (D:8)
  7 toadstools (D:5)
11 creatures vanquished.

Grand Total: 278 creatures vanquished

Table legend: (Time is in decaauts)
 A = Elapsed time spent in this place.
 B = Non-inter-level travel time spent in this place.
 C = Inter-level travel time spent in this place.
 D = Time resting spent in this place.
 E = Time spent auto-exploring this place.
 F = Levels seen in this place.
 G = Mean time per level.
                   A        B        C        D        E       F      G
               +--------+--------+--------+--------+--------+-----+--------+
         Total |  16992 |  15746 |   1246 |   2769 |   9378 |  12 | 1416.0 |
       Dungeon |  16711 |  15550 |   1161 |   2769 |   9185 |  11 | 1519.2 |
        Temple |    280 |    195 |     85 |      0 |    192 |   1 |  280.0 |
               +--------+--------+--------+--------+--------+-----+--------+

Top non-repeatable levels by time:
     D:6: 2620 daAuts
     D:5: 2274 daAuts
     D:9: 1994 daAuts
     D:7: 1860 daAuts
     D:8: 1756 daAuts
    D:10: 1560 daAuts
     D:3: 1392 daAuts
     D:2: 1181 daAuts
     D:4: 1125 daAuts
     D:1: 817 daAuts
  Temple: 280 daAuts
    D:11: 128 daAuts
